Map: Emerald City LE

Players

JackieMIF - Winner!

  • Race: Terran Terran
  • League: Platinum
  • Spawn Location: 5:00

Cole - Winner!

  • Race: Protoss Protoss
  • League: Diamond
  • Spawn Location: 5:00

qqq

  • Race: Zerg Zerg
  • Spawn Location: 11:00

Massa

  • Race: Terran Terran
  • League: Platinum
  • Spawn Location: 11:00

VOD

Have the link to the VOD?

Description

Time

  • Played on: March 6, 2021, 12:04 p.m.
  • Length: 14:25
Show
View Real Time Build Order
Export as new Build Order

JackieMIF Terran - Winner!

Build Orders:  

Get SALT Encoding   

  12  0:01  SCV  
  13  0:13  SCV  
  14  0:18  Supply Depot  
  14  0:25  SCV  
  15  0:40  SCV  
  16  0:43  Barracks  
  16  0:47  Refinery  
  16  0:52  SCV  
  17  1:04  SCV  
  18  1:20  SCV  
  19  1:36  Marine  
  19  1:37  Command Center  
  19  1:38  SCV  
  21  1:50  SCV  
  22  1:59  Factory  
  22  2:03  Marine  
  22  2:06  Orbital Command  
  23  2:29  Supply Depot  
  23  2:37  Barracks Reactor  
  23  2:46  Factory Tech Lab  
  23  2:48  Refinery  
  23  2:50  Orbital Command  
  23  2:59  SCV  
  23  3:00  Refinery  
  23  3:04  Supply Depot  
  24  3:07  Siege Tank  
  27  3:15  Marine x2  
  30  3:27  SCV  
  30  3:33  Marine x2, Supply Depot  
  32  3:38  SCV  
  32  3:40  Siege Tank  
  36  3:50  SCV  
  36  3:51  Marine x2  
  36  3:53  SCV  
  40  3:58  Refinery  
  40  4:03  SCV  
  40  4:09  Marine x2  
  43  4:18  Starport  
  43  4:21  Barracks  
  43  4:22  Barracks  
  44  4:31  SCV  
  44  4:32  SCV  
  44  4:47  Marine x2  
  44  4:52  Siege Tank  
  44  5:05  Marine x2  
  46  5:22  Marine x2  
  46  5:24  Siege Tank  
  44  5:39  SCV  
  44  5:40  SCV, Marine x2  
  45  5:49  Barracks Tech Lab x2  
  45  5:50  Starport Reactor  
  45  5:51  SCV  
  45  5:52  SCV  
  45  5:58  Marine x2  
  46  6:04  Command Center  
  46  6:07  SCV  
  46  6:08  SCV  
  48  6:13  Engineering Bay  
  48  6:15  Engineering Bay  
  48  6:16  Combat Shield, Marine x2, Stimpack  
  50  6:18  Barracks  
  50  6:20  SCV x2, Factory  
  52  6:30  Medivac x2  
  56  6:33  SCV x2  
  58  6:41  Terran Infantry Armor Level 1  
  58  6:42  Terran Infantry Weapons Level 1, Supply Depot  
  58  6:43  Supply Depot  
  58  6:46  SCV x2  
  60  6:58  SCV  
  60  6:59  SCV  
  62  7:04  Supply Depot  
  62  7:07  Supply Depot  
  62  7:10  Siege Tank  
  62  7:12  Factory Tech Lab  
  65  7:18  Marine x3  
  65  7:19  Marine  
  69  7:28  Orbital Command  
  69  7:30  SCV x2  
  69  7:36  Marine  
  72  7:37  Armory, Missile Turret  
  72  7:41  Supply Depot  
  72  7:42  Siege Tank  
  72  7:43  Supply Depot  
  75  7:44  Supply Depot  
  75  7:47  Barracks  
  75  7:55  SCV x3  
  78  8:03  Orbital Command  
  78  8:04  Marine x4  
  78  8:05  Marine  
  83  8:18  Siege Tank  
  83  8:19  Refinery  
  86  8:20  Siege Tank  
  86  8:22  Marine x5  
  86  8:26  SCV  
  86  8:27  Refinery, SCV  
  96  8:38  SCV  
  96  8:40  Reaper, Marine x3  
  101  8:43  Medivac x2  
  101  8:44  Marine  
  106  8:57  Barracks  
  106  8:58  Marine x3  
  106  9:02  Marine x2  
  111  9:05  SCV, Barracks x2  
  112  9:12  Marine  
  112  9:15  Marine  
  112  9:16  Marine  
  110  9:35  Marine x2  
  110  9:36  Marine x4  
  111  9:45  SCV x2  
  112  9:50  Siege Tank x2  
  114  9:53  Marine x3  
  114  9:54  Marine x3  
  114  9:57  SCV  
  115  10:21  Marine x6  
  103  10:34  Orbital Command  
  103  10:36  Medivac x2  
  103  10:38  Marine  
  103  10:39  Marine x5  
  111  10:43  Siege Tank x2  
  111  10:45  SCV x2, Marine  
  111  10:46  Marine  
  121  10:56  Marine x2  
  121  10:57  SCV, Marine x4  
  128  11:14  Marine x2  
  128  11:16  SCV x3, Command Center  
  133  11:25  Terran Infantry Armor Level 2, Supply Depot  
  133  11:27  Supply Depot  
  133  11:38  Terran Infantry Weapons Level 2, Terran Vehicle Weapons Level 1  
  133  11:42  Marine  
  133  11:47  SCV, Marine x5  
  133  11:53  Marine x3  
  142  11:55  Medivac  
  142  11:56  Medivac  
  142  12:00  Marine  
  142  12:01  Starport  
  147  12:04  Marine x2  
  149  12:15  Supply Depot x2  
  149  12:22  Missile Turret  
  149  12:25  Missile Turret  
  149  12:28  Missile Turret  
  149  12:30  Missile Turret  
  149  12:33  Missile Turret  
  149  12:36  Marine x8, Missile Turret  
  149  12:37  SCV x3, Marine  
  157  12:38  Command Center  
  157  12:39  Command Center  
  157  12:40  Starport Reactor  
  157  12:41  Medivac x2  
  165  12:49  Armory  
  165  12:52  Refinery  
  165  13:00  Supply Depot  
  165  13:11  Supply Depot  
  165  13:13  Supply Depot  
  165  13:14  Supply Depot  
  165  13:18  Marine  
  165  13:19  Marine  
  165  13:21  Marine x7  
  167  13:33  Siege Tank x2  
  172  13:36  Marine  
  172  13:37  Marine  
  172  13:39  Marine x7  
  172  13:41  Medivac x4  
  189  13:54  Marine  
  189  13:55  Marine  
  185  13:57  Marine x2  
Show
View Real Time Build Order
Export as new Build Order

Cole Protoss - Winner!

Build Orders: Oracle Opening, Carriers 

Get SALT Encoding   

  12  0:01  Probe  
  13  0:13  Probe  
  14  0:18  Pylon  
  14  0:25  Probe  
  15  0:37  Probe (Chrono Boost)  
  15  0:41  Gateway  
  16  0:46  Probe (Chrono Boost)  
  17  0:51  Probe (Chrono Boost)  
  17  0:54  Assimilator  
  18  1:00  Assimilator  
  18  1:03  Probe  
  19  1:21  Gateway  
  19  1:22  Probe  
  20  1:34  Cybernetics Core  
  20  1:35  Probe  
  21  1:43  Pylon  
  21  1:47  Probe  
  22  1:59  Probe  
  23  2:10  Stalker  
  23  2:11  Stalker  
  27  2:17  Stargate  
  26  2:38  Probe  
  26  2:40  Stalker (Chrono Boost)  
  26  2:41  Stalker (Chrono Boost)  
  31  3:04  Nexus  
  31  3:28  Assimilator  
  31  3:29  Pylon  
  31  3:47  Oracle  
  34  3:49  Probe  
  35  4:01  Probe  
  36  4:14  Probe (Chrono Boost)  
  37  4:21  Probe (Chrono Boost)  
  36  4:27  Pylon  
  36  4:30  Pylon  
  37  4:32  Probe (Chrono Boost)  
  37  4:36  Probe (Chrono Boost)  
  38  4:40  Fleet Beacon  
  38  4:48  Probe  
  37  5:00  Probe  
  37  5:06  Probe  
  39  5:10  Assimilator  
  39  5:12  Probe  
  38  5:18  Probe  
  39  5:24  Probe (Chrono Boost)  
  38  5:33  Shield Battery  
  38  5:34  Probe (Chrono Boost)  
  38  5:35  Forge  
  39  5:36  Probe (Chrono Boost)  
  40  5:45  Probe (Chrono Boost)  
  40  5:46  Probe (Chrono Boost)  
  42  5:50  Probe  
  42  5:56  Adept x2  
  47  5:58  Carrier  
  47  6:01  Stargate  
  47  6:02  Probe  
  54  6:06  Stargate  
  54  6:14  Photon Cannon  
  54  6:15  Probe (Chrono Boost)  
  55  6:23  Nexus  
  55  6:27  Probe (Chrono Boost)  
  56  6:35  Probe (Chrono Boost)  
  57  6:41  Probe  
  57  6:45  Pylon  
  53  6:53  Probe, Protoss Shields Level 1  
  65  6:58  Tempest (Chrono Boost), Carrier (Chrono Boost)  
  65  7:05  Pylon  
  65  7:08  Probe  
  66  7:10  Carrier (Chrono Boost)  
  66  7:13  Photon Cannon  
  72  7:17  Pylon  
  72  7:21  Photon Cannon  
  72  7:30  Photon Cannon, Protoss Air Weapons Level 1 (Chrono Boost)  
  71  7:55  Probe  
  72  8:00  Nexus  
  72  8:02  Tempest  
  72  8:04  Pylon  
  77  8:07  Probe  
  77  8:09  Pylon  
  77  8:12  Pylon  
  78  8:19  Probe  
  76  8:27  Photon Cannon  
  76  8:30  Photon Cannon  
  76  8:32  Shield Battery  
  76  8:33  Assimilator  
  76  8:34  Assimilator  
  76  8:40  Tempest (Chrono Boost)  
  81  8:45  Tempest (Chrono Boost)  
  86  8:58  Probe  
  86  8:59  Photon Cannon  
  87  9:10  Probe  
  87  9:14  Tempest (Chrono Boost)  
  87  9:15  Robotics Facility  
  93  9:23  Probe  
  94  9:50  Tempest  
  94  9:51  Carrier  
  105  10:00  Probe  
  105  10:01  Probe  
  107  10:08  Tempest  
  107  10:13  Probe  
  113  10:17  Protoss Air Armor Level 1 (Chrono Boost)  
  113  10:25  Probe  
  114  10:46  Probe  
  115  10:55  Nexus  
  115  10:59  Observer, Twilight Council  
  115  11:02  Pylon  
  124  11:05  Pylon  
  124  11:08  Pylon, Mothership (Chrono Boost)  
  124  11:09  Stargate  
  124  11:19  Twilight Council  
  124  11:20  Observer  
  124  11:24  Pylon  
  125  11:28  Pylon  
  125  11:30  Pylon  
  125  11:40  Pylon  
  125  11:41  Photon Cannon  
  125  11:45  Tempest, Photon Cannon  
  130  11:47  Unknown  
  130  11:53  Void Ray x2  
  129  11:55  Photon Cannon  
  129  11:58  Photon Cannon  
  137  12:11  Probe (Chrono Boost)  
  138  12:15  Photon Cannon  
  138  12:17  Photon Cannon  
  139  12:23  Probe (Chrono Boost)  
  139  12:24  Photon Cannon  
  139  12:29  Observer  
  140  12:30  Probe (Chrono Boost)  
  140  12:31  Carrier  
  147  12:38  Probe  
  148  13:07  Carrier x2  
  160  13:13  Probe  
  160  13:25  Probe  
  161  13:30  Photon Cannon  
  161  13:32  Photon Cannon  
  161  13:34  Assimilator  
  161  13:37  Photon Cannon  
  161  13:38  Probe  
  162  13:45  Assimilator  
  162  13:50  Probe  
  163  14:02  Probe  
Show
View Real Time Build Order
Export as new Build Order

qqq Zerg 

Build Orders: Hatch First 

Get SALT Encoding   

  12  0:01  Drone  
  13  0:08  Drone  
  14  0:17  Overlord  
  14  0:51  Drone  
  14  0:53  Drone, Hatchery  
  15  1:00  Drone  
  16  1:07  Drone  
  17  1:16  Drone  
  18  1:30  Spawning Pool  
  18  1:31  Extractor  
  16  1:41  Drone  
  16  1:42  Drone  
  18  2:04  Drone  
  18  2:05  Drone  
  20  2:15  Extractor  
  19  2:17  Drone  
  19  2:18  Drone, Overlord  
  21  2:29  Queen x2  
  25  2:30  Drone x3  
  25  2:33  Extractor  
  29  2:51  Extractor  
  29  2:54  Drone x2  
  29  2:56  Drone  
  31  2:58  Hatchery  
  31  3:01  Extractor, Drone x2  
  31  3:08  Extractor  
  31  3:10  Drone x2  
  33  3:17  Drone, Spore Crawler  
  33  3:21  Zergling x2  
  33  3:23  Metabolic Boost  
  33  3:25  Zergling x2  
  35  3:32  Zergling x2  
  36  3:47  Overlord  
  36  3:48  Overlord x3  
  36  3:54  Lair  
  36  3:58  Overlord  
  35  4:16  Zergling x10  
  35  4:17  Zergling x4  
  41  4:27  Queen  
  41  4:28  Drone x3  
  41  4:29  Zergling x2  
  47  4:32  Zergling x2  
  44  4:55  Zergling x12  
  44  4:56  Zergling x4  
  47  5:04  Spine Crawler  
  45  5:13  Zergling x4  
  45  5:14  Zergling x4  
  49  5:20  Zergling x2  
  49  5:21  Zergling x2  
  46  5:31  Zergling x10  
  46  5:32  Zergling x2  
  49  5:37  Zergling x8  
  53  5:51  Spore Crawler  
  53  5:53  Extractor  
  51  5:59  Drone, Infestation Pit  
  51  6:00  Drone x2, Zergling x10, Hydralisk Den  
  53  6:11  Drone x3, Evolution Chamber x2  
  55  6:12  Drone  
  55  6:17  Drone x2  
  57  6:23  Drone, Zergling x2  
  57  6:24  Drone  
  60  6:27  Drone  
  60  6:28  Drone  
  60  6:32  Hydralisk  
  64  6:36  Hydralisk  
  62  6:50  Hydralisk  
  62  6:51  Overlord  
  62  6:52  Overlord x2  
  62  6:53  Drone  
  65  7:13  Drone x3, Hatchery  
  65  7:14  Drone x3  
  70  7:18  Muscular Augments  
  70  7:20  Zerg Missile Weapons Level 1  
  70  7:26  Drone x3, Hydralisk  
  75  7:41  Hydralisk x3, Zergling x4  
  75  7:42  Drone  
  75  7:43  Drone x2  
  82  7:56  Drone x2, Hydralisk x3  
  89  8:04  Extractor x2  
  87  8:07  Hive  
  87  8:15  Extractor  
  86  8:29  Drone x7  
  86  8:30  Hydralisk  
  86  8:31  Overlord  
  86  8:32  Overlord x4  
  86  8:33  Overlord  
  95  8:40  Overlord x2  
  95  8:43  Zerg Ground Armor Level 1  
  95  8:46  Grooved Spines  
  95  8:52  Spore Crawler  
  95  8:54  Spine Crawler  
  93  9:03  Drone x4  
  93  9:04  Drone x3, Hydralisk  
  90  9:33  Hydralisk x3  
  90  9:34  Hydralisk, Zergling x8  
  90  9:35  Hydralisk x3  
  101  9:49  Hydralisk  
  101  9:50  Hydralisk x4  
  106  9:55  Hydralisk x3  
  86  10:08  Hydralisk x3  
  92  10:18  Zergling x2  
  92  10:19  Zergling x2  
  94  10:26  Hydralisk  
  92  10:34  Ultralisk Cavern  
  91  10:36  Hatchery  
  90  10:43  Hydralisk x3  
  96  10:50  Zerg Missile Weapons Level 2  
  96  11:10  Zergling x2  
  96  11:11  Hydralisk x3, Zergling x4  
  105  11:25  Drone x2  
  107  11:39  Hatchery  
  106  11:43  Hydralisk  
  106  11:45  Ultralisk  
  114  11:47  Overlord  
  114  11:51  Zerg Melee Weapons Level 1  
  114  11:55  Drone x2  
  114  11:56  Drone  
  115  12:16  Ultralisk  
  115  12:20  Anabolic Synthesis  
  115  12:22  Hydralisk  
  123  12:23  Zergling x2  
  123  12:24  Drone  
  123  12:25  Drone  
  126  12:32  Drone x3  
  129  12:44  Overlord x2, Baneling Nest  
  128  12:45  Overlord x2  
  128  12:46  Overlord  
  128  12:48  Overlord  
  128  13:03  Chitinous Plating  
  86  13:29  Ultralisk x2  
  86  13:30  Ultralisk x2  
  86  13:31  Zergling x14  
  86  13:32  Zergling x6  
  112  13:39  Ultralisk  
  104  14:00  Baneling x14  
  104  14:01  Baneling x5  
  104  14:04  Zergling x4  
  104  14:05  Zergling x2  
  104  14:08  Drone  
  104  14:09  Drone x2  
Show
View Real Time Build Order
Export as new Build Order

Massa Terran 

Build Orders:  

Get SALT Encoding   

  12  0:00  SCV  
  13  0:12  SCV  
  14  0:23  Supply Depot  
  14  0:24  SCV  
  15  0:40  Refinery  
  15  0:45  SCV, Barracks  
  16  0:57  SCV  
  17  1:14  SCV  
  18  1:33  SCV  
  19  1:45  SCV  
  21  2:05  Command Center  
  21  2:07  Orbital Command  
  20  2:09  Marine  
  21  2:23  Supply Depot  
  21  2:27  Reaper  
  22  2:34  SCV  
  22  2:36  Factory  
  23  2:46  SCV  
  24  3:00  Command Center  
  24  3:05  Barracks Reactor  
  24  3:09  SCV  
  25  3:14  Engineering Bay  
  25  3:21  SCV  
  25  3:24  Hellion  
  27  3:43  Marine x2  
  27  3:45  Supply Depot  
  27  3:46  Orbital Command, Hellion  
  31  3:50  Barracks  
  31  4:01  Marine x2  
  32  4:19  Marine  
  32  4:20  SCV x3  
  36  4:27  Marine, Supply Depot  
  37  4:32  SCV x3  
  37  4:37  Marine  
  37  4:41  Factory Tech Lab  
  37  4:44  SCV  
  37  4:45  Marine  
  32  4:50  SCV x2  
  34  4:54  Marine  
  34  4:56  SCV, Supply Depot  
  36  5:00  Barracks Tech Lab  
  36  5:02  Siege Tank  
  36  5:20  Stimpack, Supply Depot  
  33  5:21  Marauder  
  32  5:41  Barracks x2  
  34  5:42  Barracks  
  34  5:43  Marauder  
  34  5:44  Barracks, Marine  
  34  5:47  Missile Turret  
  35  5:53  Refinery  
  35  5:59  Refinery  
  35  6:02  SCV x2  
  40  6:04  Marauder  
  40  6:10  Widow Mine  
  41  6:11  Barracks Reactor  
  41  6:20  Missile Turret  
  41  6:22  SCV x3  
  44  6:34  SCV x2  
  44  6:35  SCV  
  46  6:45  Marauder  
  46  6:46  Widow Mine  
  50  6:47  Marine x2  
  50  6:50  Terran Infantry Weapons Level 1  
  52  6:54  SCV x3  
  52  6:55  Refinery  
  55  7:03  Missile Turret  
  55  7:04  Combat Shield  
  55  7:05  Marine x2  
  55  7:06  SCV x2, Marine  
  55  7:07  SCV  
  61  7:14  Barracks  
  61  7:19  Barracks Reactor x2, Barracks Tech Lab x2  
  61  7:31  Supply Depot  
  61  7:34  Supply Depot  
  61  7:36  Supply Depot  
  61  7:38  Starport  
  61  7:53  SCV x2, Marine x3  
  66  8:03  Starport, Marine x6  
  72  8:05  Starport, Concussive Shells  
  72  8:11  Marauder, Marine x2  
  76  8:17  Starport Reactor  
  76  8:20  Marine  
  76  8:21  Marine x2  
  76  8:22  SCV x3  
  83  8:34  SCV x2  
  83  8:35  Armory  
  83  8:39  Starport Tech Lab  
  84  8:44  Terran Infantry Armor Level 1  
  84  8:45  Starport Reactor  
  84  8:52  SCV  
  85  9:03  Supply Depot  
  85  9:04  Supply Depot  
  85  9:20  Orbital Command  
  85  9:24  SCV, Marine x4, Cyclone  
  85  9:26  SCV, Viking x3  
  85  9:27  Supply Depot  
  85  9:28  Supply Depot  
  100  9:36  SCV  
  101  9:49  SCV, Viking x2, Supply Depot  
  101  9:51  Supply Depot  
  106  9:56  Viking x3  
  108  10:19  Viking  
  110  10:23  SCV x3  
  113  10:33  Viking x2  
  113  10:35  SCV x2  
  116  10:38  Command Center  
  116  10:47  SCV x2  
  118  10:54  Viking  
  118  10:55  Viking  
  122  10:57  Terran Vehicle And Ship Armor Level 1  
  122  11:02  Armory  
  122  11:05  Medivac  
  122  11:06  Medivac  
  126  11:16  Supply Depot  
  126  11:19  Supply Depot  
  126  11:37  Thor  
  132  11:52  Viking x5  
  140  12:02  Marauder x2  
  140  12:03  Marauder  
  144  12:13  Orbital Command  
  144  12:17  Refinery  
  144  12:18  Refinery  
  144  12:20  Siege Tank  
  147  12:38  Marauder  
  147  12:39  Marauder x2, Marine x4  
  157  12:46  Sensor Tower  
  157  12:56  Marine x2  
  157  12:57  Siege Tank  
  142  13:13  Medivac x2  
  142  13:14  Medivac x2  
  142  13:16  Marauder x3  
  156  13:20  Command Center  
  156  13:44  Supply Depot x2  
  156  13:45  Supply Depot  
  156  13:46  Supply Depot  
  156  13:48  Supply Depot  
  156  13:52  Marauder  
  156  13:53  Siege Tank  
  129  14:08  Supply Depot  
  108  14:10  Supply Depot  
Tags
 
Add a new tag
Caveats
  • Supply blocks, unpowered buildings, or Contaminate may cause inaccurate times.
  • Supply counts are checked every 10 seconds.